 Dungeon Crawl Stone Soup version 0.25-a0-258-g6d7e32a812 (webtiles) character file.

Game seed: 9404050013167254498, levelgen mode: deterministic

24 Essalna the Skirmisher (level 2, 0/24 HPs)
             Began as a Demonspawn Berserker on Dec 6, 2019.
             Was a Follower of Trog.
             Slain by a quokka (2 damage)
             ... on level 2 of the Dungeon.
             The game lasted 00:02:08 (792 turns).

Essalna the Skirmisher (Demonspawn Berserker)        Turns: 792, Time: 00:02:08

Health: 0/24       AC:  5    Str: 17    XL:     2   Next: 79%
Magic:  2/2        EV: 11    Int:  8    God:    Trog [*.....]
Gold:   102        SH:  0    Dex: 12    Spells: 1/1 levels left

rFire    . . .     SeeInvis .   a - +0 falchion
rCold    . . .     Gourm    .   (no shield)
rNeg     . . .     Faith    .   d - +0 ring mail
rPois    .         Spirit   .   (no helmet)
rElec    .         Reflect  .   (no cloak)
rCorr    .         Harm     .   (no gloves)
MR       .....                  (no boots)
Stlth    +.........             (no amulet)
HPRegen  0.08/turn              (no ring)
MPRegen  0.08/turn              (no ring)

@: no status effects
A: talons 1
a: Berserk, Renounce Religion


You were on level 2 of the Dungeon.
You worshipped Trog.
Trog was aware of your devotion.
You were not hungry.

You visited 1 branch of the dungeon, and saw 2 of its levels.

You collected 102 gold pieces.

Inventory:

Hand Weapons
 a - a +0 falchion (weapon)
Armour
 b - a +0 animal skin
 d - a +0 ring mail (worn)
Scrolls
 f - 3 scrolls of immolation {unknown}
 g - a scroll of magic mapping {unknown}
 h - a scroll of teleportation {unknown}
 i - a scroll of fog {unknown}
Potions
 e - 2 potions of curing {unknown}
 j - 2 potions of resistance {unknown}
Comestibles
 c - 3 rations


   Skills:
 + Level 3.3 Fighting
 + Level 3.0 Long Blades
 + Level 2.3 Armour
 - Level 1.7 Dodging


You had one spell level left.
You didn't know any spells.
Your spell library was empty.

Dungeon Overview and Level Annotations

Branches:
Dungeon (2/15)

Altars:
Nemelex Xobeh
Okawaru


Innate Abilities, Weirdness & Mutations

You have sharp toenails.


Message History

A worm comes into view.
The quokka bites you but does no damage.
The quokka bites you.
The quokka bites you but does no damage.
The quokka closely misses you.
The quokka bites you but does no damage.
The quokka closely misses you.
You riposte.
You closely miss the quokka. The quokka bites you.
* * * LOW HITPOINT WARNING * * *
The quokka bites you.
* * * LOW HITPOINT WARNING * * *
The quokka bites you.
* * * LOW HITPOINT WARNING * * *
The quokka closely misses you.
The quokka bites you but does no damage.
The worm closely misses you. The quokka bites you.
* * * LOW HITPOINT WARNING * * *
The quokka closely misses you. The quokka bites you.
You die...

#.......#.†..............#..#.#
...........)#.......###....#).#.#
###.........#.......# #....#..#.#
#.........##....†.# #....#..#.#
.........####......# #....#..#.#
.........####......# #....#..#.#
....##.............# #..... ..
... ...........##.#
###........@##.#
.........wr......
#.#######.#..#### . .......
##...### .<.. ....# #...#


You could see a worm and a quokka.

Vanquished Creatures
  A gnoll (D:1)
  A dart slug (D:2)
  A giant cockroach (D:2)
  3 goblins
  5 bats
  A kobold (D:1)
  2 rats
14 creatures vanquished.

Notes
Turn   | Place    | Note
-------+----------+-------------------------------------------
     0 | D:1      | Essalna the Demonspawn Berserker began the quest for the
                  | Orb.
     0 | D:1      | Reached XP level 1. HP: 18/18 MP: 1/1
    53 | D:1      | Gained mutation: You have sharp toenails. [demonic
                  | ancestry]
    53 | D:1      | Reached XP level 2. HP: 24/24 MP: 2/2
   723 | D:2      | Found a sparkling altar of Nemelex Xobeh.
   723 | D:2      | Found an iron altar of Okawaru.
   792 | D:2      | Slain by a quokka

Levels and vault maps discovered:
D:1:      dpeg_arrival_orchard, layout_basic
D:2:      layout_basic, gammafunk_temple_overflow_elements, uniq_robin

Skill      XL: |  1  2 |
---------------+-------+-----
Armour         | 2 |  2.3
Long Blades    | 3 |  3.0
Fighting       | |  3.3
Dodging        | |  1.7

Action                   || total
-------------------------++-------
Melee: Falchion          ||    19
       Kick              ||     8
Armor: Ring mail         ||    38
Dodge: Dodged            ||    63
       Rpst.: Falchion   ||    19

Table legend:
 A = Non-vault XP
 B = Vault XP
 C = Vault XP percentage of total XP
 D = Non-vault monster count
 E = Vault monster count
 F = Vault count percentage of total count
                 A         B        C        D         E       F
            +---------+---------+-------+---------+---------+-------
      Total |      35 |       0 |   0.0 |      14 |       0 |   0.0
            +---------+---------+-------+---------+---------+-------
        D:1 |      24 |       0 |   0.0 |       8 |       0 |   0.0
        D:2 |      11 |       0 |   0.0 |       6 |       0 |   0.0
            +---------+---------+-------+---------+---------+-------
